 Dungeon Crawl Stone Soup version 0.31.0-9-g3a7656b989 (webtiles) character file.

Game seed: 9836780857506143306

65705 Monkooky the Slicer (level 15, -3/91 HPs)
             Began as a Kobold Delver on Jan 24, 2024.
             Was a Believer of Uskayaw.
             Slain by a vampire knight
             ... wielding a +0 war axe
              (11 damage)
             ... while paralysed by a vampire knight
             ... on level 12 of the Dungeon.
             The game lasted 01:06:18 (21247 turns).

Monkooky the Slicer (Kobold Delver)                Turns: 21247, Time: 01:06:18

Health: -3/91      AC:  4    Str: 12    XL:     15   Next: 59%
Magic:  24/24      EV:  3    Int: 13    God:    Uskayaw [**....]
Gold:   872        SH:  0    Dex: 38    Spells: 11/20 levels left

rFire   . . .        e - +7 quick blade (drain)
rCold   + . .        V - +1 buckler {rC+}
rNeg    . . .        (body armour currently unavailable)
rPois   .            O - +0 helmet of Ines Hip {Dex+3}
rElec   .            P - scarf {shadows}
rCorr   .            k - +1 pair of gloves {Dex+3}
SInv    .            T - +0 pair of boots
Will    +....        h - amulet of reflection
Stlth   +++++++++    b - +6 ring of dexterity
HPRegen 0.35/turn    F - +6 ring of dexterity
MPRegen 0.19/turn

%: reflection
@: paralysed, maw-form, studying Translocations
A: devouring maw, small, no large weapons, nightstalker 3
a: Begin Untransformation, Renounce Religion, Stomp, Line Pass


You were on level 12 of the Dungeon.
You worshipped Uskayaw.
Uskayaw was pleased with you.
You were a creature with a mouth for a stomach.
You visited 2 branches of the dungeon, and saw 17 of its levels.
You also visited: Sewer and Ice Cave.

You collected 2167 gold pieces.
You spent 1295 gold pieces at shops.

Inventory:

Hand Weapons
 e - a +7 quick blade of draining (weapon)
Missiles
 w - 20 poisoned darts (quivered)
 Q - 2 throwing nets
 Z - 4 atropa-tipped darts
Armour
 k - a +1 pair of gloves of dexterity (worn)
 O - the +0 helmet of Ines Hip (worn) {Dex+3}
   (You bought it in a shop on level 3 of the Dungeon)

   Dex+3:     It affects your dexterity (+3).
 P - a scarf of shadows (worn)
 T - a +0 pair of boots (worn)
 V - a +1 buckler of cold resistance (worn)
Jewellery
 b - a +6 ring of dexterity (left hand)
 h - an amulet of reflection (around neck)
 s - a ring of protection from fire
 y - a +5 ring of evasion
 F - a +6 ring of dexterity (right hand)
 M - a ring of magical power
 S - a ring of see invisible
 Y - a ring of poison resistance
Talismans
 J - the maw talisman "Milaun" (active) {Stlth+}
   (You found it in an ice cave)

   [maw talisman]

   Stlth+:    It makes you more stealthy.
Wands
 g - a wand of digging (21)
 I - a wand of polymorph (12)
 K - a wand of flame (71)
 R - a wand of light (1)
 W - a wand of iceblast (17)
 X - a wand of mindburst (16)
Scrolls
 c - a scroll of fog
 m - 9 scrolls of teleportation
 o - 3 scrolls of fear
 r - a scroll of brand weapon
 t - 3 scrolls of amnesia
 v - 5 scrolls of vulnerability
 z - 2 scrolls of silence
 A - 3 scrolls of identify
 C - 2 scrolls of poison
 D - 3 scrolls of immolation
 E - a scroll of revelation
 L - 2 scrolls of butterflies
 U - 3 scrolls of blinking
Potions
 a - 6 potions of ambrosia
 f - 6 potions of haste
 i - 3 potions of mutation
 j - 2 potions of attraction
 l - 5 potions of enlightenment
 n - 4 potions of resistance
 p - 3 potions of brilliance
 q - 2 potions of might
 x - 9 potions of curing
 B - 2 potions of invisibility
 G - 5 potions of lignification
 H - a potion of cancellation
 N - 10 potions of heal wounds
Miscellaneous
 d - a lightning rod (4/4)
 u - a sack of spiders


   Skills:
 - Level 9.5 Fighting
 - Level 14.0 Short Blades
 - Level 1.8 Armour
 - Level 12.0 Dodging
 - Level 13.0 Stealth
 - Level 4.0 Shields
 - Level 3.0 Spellcasting
 - Level 4.8 Hexes
 - Level 12.5 Invocations
 + Level 9.9 Evocations
 - Level 10.0 Shapeshifting


You had 11 spell levels left.
You knew the following spells:

 Your Spells              Type           Power      Damage    Failure   Level
a - Confusing Touch       Hex            14%        N/A       13%         3
b - Tukima's Dance        Hex            14%        N/A       13%         3
c - Mephitic Cloud        Conj/Alch/Air  1%         N/A       67%         3

Your spell library contained the following spells:

 Spells                   Type           Power      Damage    Failure   Level
 Jinxbite                 Hex            28%        N/A       7%          2
 Apportation              Tloc           2%         N/A       30%         1
 Freeze                   Ice            4%         1d3       30%         1
 Kiss of Death            Conj/Necr      4%         2d5       30%         1
 Magic Dart               Conj           4%         1d3       30%         1
 Necrotise                Necr           4%         1d4       30%         1
 Sandblast                Erth           2%         2d4       30%         1
 Inner Flame              Hex/Fire       8%         N/A       34%         3
 Cigotuvi's Dreadful Rot  Necr/Alch/Air  2%         N/A       43%         2
 Mercury Vapours          Alch/Air       2%         N/A       43%         2
 Searing Ray              Conj           2%         2d4       43%         2
 Frozen Ramparts          Ice            2%         1d1       67%         3
 Hailstorm                Conj/Ice       1%         3d5       67%         3
 Passwall                 Erth           1%         N/A       67%         3
 Stone Arrow              Conj/Erth      2%         3d7       67%         3
 Vampiric Draining        Necr           1%         2d6       67%         3
 Dimensional Bullseye     Hex/Tloc       4%         N/A       75%         4
 Brom's Barrelling Bould  Conj/Erth      1%         2d3       97%         4
 Dispel Undead            Necr           1%         3d6       97%         4
 Flame Wave               Conj/Fire      1%         2d4       97%         4
 Fulminant Prism          Conj/Alch      0%         3d5       97%         4
 Iskenderun's Mystic Bla  Conj/Tloc      1%         2d3       97%         4
 Martyr's Knell           Necr/Summ      1%         N/A       97%         4
 Sticky Flame             Fire/Alch      1%         2d4       97%         4
 Summon Blazeheart Golem  Fire/Summ      1%         N/A       97%         4
 Alistair's Intoxication  Alch           0%         N/A       100%        5
 Curse of Agony           Necr           1%         N/A       100%        5
 Freezing Cloud           Conj/Ice/Air   0%         6-21      100%        5
 Summon Hydra             Summ           0%         N/A       100%        7
 Summon Horrible Things   Summ           0%         N/A       100%        8


Dungeon Overview and Level Annotations

Branches:
Dungeon (12/15)            Temple (0/1) D:7            Lair (5/5) D:10
 Shoals (0/4) Lair:2        Snake (0/4) Lair:2        Slime (0/5) Lair:5
    Orc (0/2) D:11          Sewer (visited)           IceCv (visited)

Altars:
Gozag
Nemelex Xobeh
Sif Muna
Trog
Uskayaw
Vehumet
Xom
Yredelemnul
Zin
Jiyva

Shops:
D:3 [   D:4 *   D:5 ((   D:6 !![(?

Annotations:
D:5 2 transporters
Lair:2 exclusion: downstairs


Innate Abilities, Weirdness & Mutations

You are a creature with a mouth for a stomach.
Your midsection houses a second, enormous mouth.
You are small and have problems with some larger weapons.
You are completely attuned to the shadows.


Message History

You kill the deep elf pyromancer!
A vampire knight is nearby!
A vampire knight is nearby!
The vampire knight shouts!
You hit the vampire knight but do no damage.
Your bite misses the vampire knight. You puncture the vampire knight!
You bite the vampire knight!
The vampire knight is moderately damaged.
You closely miss the vampire knight. You bite the vampire knight.
You puncture the vampire knight! You bite the vampire knight.
The vampire knight is heavily damaged.
You block the vampire knight's attack.
The vampire knight completely misses you.
You can now pass through a line of other dancers.
You barely miss the vampire knight. x2; You bite the vampire knight!
The vampire knight is severely damaged.
The vampire knight draws life force from you!
The vampire knight is healed by the life force!
You hit the vampire knight but do no damage.
Your bite misses the vampire knight.
You hit the vampire knight but do no damage.
You bite the vampire knight, but do no damage.
The vampire knight is heavily damaged.
You closely miss the vampire knight.
You bite the vampire knight, but do no damage.
You hit the vampire knight but do no damage.
The vampire knight is heavily damaged.
The vampire knight casts a spell at you.
You suddenly lose the ability to move!
The vampire knight hits you with a +0 war axe!!
The vampire knight bites you.
The vampire knight draws strength from your injuries!
The vampire knight hits you with a +0 war axe!
The vampire knight bites you!
* * * LOW HITPOINT WARNING * * *
The vampire knight draws strength from your injuries!
The vampire knight hits you with a +0 war axe!
* * * LOW HITPOINT WARNING * * *
The vampire knight bites you!
You die...

######
^................#
.........######..#
##
.................#
.. ............>...#
.. ........ ......#
.. #.. #####.# ..
...###########.# ..
..V............# #.
#..W...........#
#..............#
......<........#
...........)...#
####.....)....#
#..........#
#..........# ###.
#..........# #...
#########..........#


You could see a vampire knight.

Vanquished Creatures
  Kirke (D:12)
  A dire elephant (Lair:5)
  Azrael (D:12)
  2 centaur warriors (D:10)
  2 hydras
  A boulder beetle (Lair:5)
  8 death yaks
  5 two-headed ogres
  Nergalle (Lair:1)
  A spectral death yak (Lair:5)
  A spectral anaconda (Lair:5)
  2 skysharks
  An obsidian statue (Lair:5)
  2 lindwurms (Lair:5)
  3 deep elf pyromancers
  4 necromancers (Lair:5)
  An orc knight (D:10)
  3 cyclopes
  7 ugly things
  A salamander (Lair:2)
  The ghost of zenocrate the Covert, a novice VSEn (D:7)
  8 elephants
  2 dire elephant zombies (Lair:5)
  3 ice statues (IceCv)
  5 black mambas
  Joseph (D:9)
  A manticore (D:10)
  A torpor snail (Lair:4)
  11 cane toads
  A smoke demon (D:11)
  7 rime drakes
  A dire elephant skeleton (Lair:5)
  12 komodo dragons
  An unseen horror (D:12)
  Jeremiah (D:8)
  4 kobold demonologists
  An anaconda simulacrum (IceCv)
  A red devil (D:11)
  3 trolls (D:12)
  2 polar bears
  The ghost of san475 the Cleaver, an amateur HOMo (D:5)
  3 hornets
  A hellwing (D:11)
  A queen bee (Lair:3)
  Prince Ribbit (D:8)
  Grinder (D:6)
  14 blink frogs
  7 dream sheep (Lair:5)
  A shadow (D:11)
  3 wraiths
  4 wyverns
  2 fire elementals (D:12)
  4 basilisks
  31 yaks
  A hog (D:12)
  A death yak simulacrum (IceCv)
  3 steam dragons
  A harpy simulacrum (IceCv)
  4 vampire mosquitoes
  An acid dragon (D:11)
  2 hell hounds (D:12)
  4 water moccasins
  Duvessa (D:7)
  An elephant zombie (Lair:5)
  4 orc warriors
  3 black bears
  A black bear (shapeshifter) (D:10)
  A sky beast (D:8)
  21 wolves
  10 centaurs
  A crocodile (Sewer)
  An ogre (D:4)
  A phantom (D:5)
  An elephant skeleton (Lair:5)
  A brain worm (Sewer)
  3 kobold brigands
  A gnoll sergeant (D:9)
  12 bullfrogs
  2 cane toad simulacra
  4 scorpions
  3 wights (D:8)
  Dowan (D:7)
  4 elephant simulacra
  26 killer bees
  3 electric eels
  5 howler monkeys
  5 lava snakes
  2 bombardier beetles
  12 hounds
  7 orc priests
  8 jellies
  An iguana (D:6)
  4 orc wizards
  A wolf simulacrum (IceCv)
  13 adders
  17 gnolls
  6 river rats (Sewer)
  3 white imps
  2 ufetubi (D:3)
  A ribbon worm (D:2)
  A dart slug (D:4)
  31 orcs
  6 endoplasms
  7 giant cockroaches
  5 goblins
  3 hobgoblins
  9 jackals
  5 quokkas
  6 ball pythons
  4 bats
  2 frilled lizards (Sewer)
  18 kobolds
  8 rats
504 creatures vanquished.

Vanquished Creatures (collateral kills)
  A gnoll bouda (D:5)
  A gnoll (D:5)
2 creatures vanquished.

Vanquished Creatures (others)
  2 humans (D:12)
  A dancing weapon (D:5)
3 creatures vanquished.

Grand Total: 509 creatures vanquished

Notes
Turn   | Place    | Note
-------+----------+-------------------------------------------
     0 | D:5      | Monkooky the Kobold Delver began the quest for the Orb.
     0 | D:5      | Reached XP level 1. HP: 14/14 MP: 1/1
     5 | D:6      | Noticed a hound
     6 | D:6      | Killed a hound
     7 | D:6      | Reached skill level 3 in Short Blades
     7 | D:6      | Reached XP level 2. HP: 19/19 MP: 2/2
     7 | D:6      | Reached XP level 3. HP: 23/23 MP: 3/3
    59 | D:6      | Noticed a scorpion
   128 | D:6      | Reached skill level 4 in Short Blades
   141 | D:6      | Found Kauleat's Antique Weapon Emporium.
   206 | D:6      | Noticed a wyvern
   279 | D:6      | Noticed a centaur
   421 | D:4      | Reached XP level 4. HP: 28/28 MP: 4/4
   470 | D:4      | Learned a level 3 spell: Confusing Touch
   482 | D:4      | Reached skill level 1 in Hexes
   500 | D:4      | Found Kukiel's General Store.
   635 | D:4      | Bought a potion of curing for 39 gold pieces
   666 | D:4      | Noticed an ogre
   713 | D:2      | Reached XP level 5. HP: 14/32 MP: 5/5
  1027 | D:4      | Found a glowing drain.
  1038 | Sewer    | Entered a sewer
  1332 | Sewer    | Reached XP level 6. HP: 29/37 MP: 6/6
  1474 | Sewer    | Reached skill level 1 in Spellcasting
  1523 | Sewer    | Noticed a crocodile
  1992 | Sewer    | Killed a crocodile
  1993 | Sewer    | Reached XP level 7. HP: 40/41 MP: 7/11
  2639 | D:1      | Learned a level 3 spell: Tukima's Dance
  2664 | D:1      | Got the Atlas of Conjured Bringing Forth
  3058 | D:1      | Learned a level 3 spell: Mephitic Cloud
  3907 | D:3      | Found Wiepn's Antique Armour Boutique.
  4419 | D:4      | Bought a scroll of poison for 52 gold pieces
  4419 | D:4      | Bought a scroll of immolation for 52 gold pieces
  4423 | D:4      | Identified 2 scrolls of acquirement
  4424 | D:4      | Acquired a +3 quick blade of draining
  4542 | D:4      | Reached skill level 5 in Short Blades
  4700 | D:4      | Reached skill level 6 in Short Blades
  4771 | D:4      | Acquired a +1 pair of gloves of dexterity
  4973 | D:5      | Reached XP level 8. HP: 46/46 MP: 12/12
  5116 | D:5      | Reached skill level 7 in Short Blades
  5240 | D:5      | Noticed a hornet
  5415 | D:5      | Reached skill level 8 in Short Blades
  5455 | D:5      | Found a transporter.
  5471 | D:5      | Found a transporter.
  5494 | D:5      | Found a runed translucent gate.
  5495 | D:5      | Found a runed translucent gate.
  5496 | D:5      | Found a runed translucent gate.
  5504 | D:5      | Found Kidun's Antique Weapon Boutique.
  5556 | D:5      | Found a hide-covered altar of Uskayaw.
  5565 | D:5      | Became a worshipper of Uskayaw the Reveller
  5606 | D:5      | Reached * piety under Uskayaw
  5730 | D:5      | Reached ** piety under Uskayaw
  5731 | D:5      | Reached skill level 9 in Short Blades
  5856 | D:5      | Killed a hornet
  5856 | D:5      | Reached *** piety under Uskayaw
  5857 | D:5      | Reached skill level 10 in Short Blades
  5859 | D:5      | Reached **** piety under Uskayaw
  5871 | D:5      | Reached XP level 9. HP: 44/51 MP: 13/13
  5872 | D:5      | Reached ***** piety under Uskayaw
  6467 | D:5      | Noticed san475's ghost (amateur HOMo)
  6662 | D:6      | Reached skill level 11 in Short Blades
  6722 | D:6      | Noticed Grinder
  6733 | D:6      | Killed Grinder
  6801 | D:6      | Found Fawicw's Armour Boutique.
  6825 | D:6      | Found Nuygg's Magic Scroll Boutique.
  6830 | D:6      | Bought a scroll of butterflies for 48 gold pieces
  6830 | D:6      | Bought a scroll of teleportation for 36 gold pieces
  6989 | D:6      | Found Moopp's Distillery.
  6994 | D:6      | Reached skill level 5 in Dodging
  6998 | D:6      | Bought a potion of degeneration for 15 gold pieces
  7020 | D:6      | Found Sawom's Distillery.
  7125 | D:6      | Reached skill level 12 in Short Blades
  7146 | D:6      | Acquired 755 gold pieces
  7164 | D:6      | Bought a potion of lignification for 45 gold pieces
  7164 | D:6      | Bought a potion of enlightenment for 75 gold pieces
  7164 | D:6      | Bought a potion of mutation for 120 gold pieces
  7164 | D:6      | Bought a potion of heal wounds for 75 gold pieces
  7239 | D:4      | Bought a potion of resistance for 130 gold pieces
  7297 | D:6      | Bought a potion of might for 48 gold pieces
  7641 | D:7      | Found a staircase to the Ecumenical Temple.
  7770 | D:3      | Bought a spiked helmet for 313 gold pieces
  7770 | D:3      | Identified the +0 helmet of Ines Hip {Dex+3} (You bought it
                  | in a shop on level 3 of the Dungeon)
  7880 | D:5      | Killed san475's ghost
  8001 | D:7      | Noticed Dowan
  8002 | D:7      | Noticed Duvessa
  8007 | D:7      | Killed Duvessa
  8117 | D:7      | Killed Dowan
  8131 | D:7      | Found a sparkling altar of Nemelex Xobeh.
  8160 | D:7      | Found a shimmering blue altar of Sif Muna.
  8164 | D:7      | Got Sif Muna's Directory of the Meteoric Mortuary
  8169 | D:7      | Found a bloodstained altar of Trog.
  8173 | D:7      | Reached XP level 10. HP: 56/56 MP: 14/14
  8202 | D:7      | Found a runed translucent door.
  8291 | D:7      | Reached skill level 13 in Short Blades
  8720 | D:7      | Noticed zenocrate's ghost (novice VSEn)
  8722 | D:7      | Noticed a cyan ugly thing
  8724 | D:7      | Killed zenocrate's ghost
  8726 | D:7      | Killed a cyan ugly thing
  8937 | D:8      | Reached skill level 5 in Fighting
  9105 | D:8      | Found a basalt altar of Yredelemnul.
  9157 | D:8      | Noticed Jeremiah
  9159 | D:8      | Killed Jeremiah
  9183 | D:8      | Reached skill level 14 in Short Blades
  9304 | D:8      | Noticed a two-headed ogre
  9321 | D:8      | Killed a two-headed ogre
  9322 | D:8      | Reached XP level 11. HP: 62/66 MP: 2/15
  9714 | D:8      | Noticed Prince Ribbit
  9717 | D:8      | Killed Prince Ribbit
  9718 | D:8      | Reached skill level 10 in Dodging
 10005 | D:9      | Reached skill level 1 in Shapeshifting
 10164 | D:9      | Noticed Joseph
 10167 | D:9      | Killed Joseph
 10200 | D:9      | Reached skill level 5 in Shapeshifting
 10376 | D:9      | Found an opulent altar of Gozag.
 10884 | D:10     | Entered Level 10 of the Dungeon
 11129 | D:10     | Found a radiant altar of Vehumet.
 11201 | D:10     | Reached ****** piety under Uskayaw
 11209 | D:10     | Noticed an elephant
 11216 | D:10     | Killed an elephant
 11220 | D:10     | Reached XP level 12. HP: 72/72 MP: 16/16
 11225 | D:10     | Found a staircase to the Lair.
 11449 | D:10     | Found a shimmering altar of Xom.
 11565 | D:10     | Noticed a two-headed ogre
 11689 | D:10     | Noticed a centaur warrior
 11746 | D:10     | Killed a centaur warrior
 11752 | D:10     | Noticed a centaur warrior
 11800 | Lair:1   | Entered Level 1 of the Lair of Beasts
 11905 | Lair:1   | You fall into a shaft and drop 1 floor!
 11939 | Lair:2   | Reached skill level 10 in Shapeshifting
 12099 | Lair:2   | Found a staircase to the Shoals.
 12247 | Lair:1   | Reached skill level 1 in Shields
 12326 | Lair:1   | Noticed Nergalle
 12329 | Lair:1   | Killed Nergalle
 13065 | Lair:2   | Reached XP level 13. HP: 79/79 MP: 17/17
 13425 | Lair:2   | Noticed a seven-headed hydra
 13428 | Lair:2   | Killed a seven-headed hydra
 13782 | Lair:2   | Found a staircase to the Snake Pit.
 14231 | Lair:3   | Reached skill level 10 in Stealth
 14665 | Lair:3   | Noticed an eight-headed hydra
 14865 | Lair:2   | Upgraded the game from 0.31.0-7-gf635a9b802 to
                  | 0.31.0-9-g3a7656b989
 15520 | D:3      | Bought a runed buckler for 247 gold pieces
 15836 | Lair:4   | Reached skill level 1 in Armour
 16194 | Lair:4   | Reached skill level 1 in Invocations
 16451 | Lair:4   | Noticed a six-headed hydra
 16454 | Lair:4   | Killed a six-headed hydra
 16455 | Lair:4   | Reached XP level 14. HP: 86/86 MP: 18/18
 16652 | Lair:5   | Entered Level 5 of the Lair of Beasts
 16764 | Lair:5   | Reached skill level 5 in Invocations
 17520 | Lair:5   | Found a viscous altar of Jiyva.
 17527 | Lair:5   | Found a staircase to the Slime Pits.
 17702 | Lair:5   | Reached skill level 10 in Invocations
 17748 | Lair:5   | Identified the amulet of Malonec {Harm ^Fragile +Blink
                  | Regen+}
 17771 | Lair:5   | Noticed a dire elephant
 17785 | Lair:5   | Killed a dire elephant
 17825 | Lair:5   | Found the +3 Mad Mage's Maulers {Infuse+∞ VampMP -Cast}
 18679 | D:10     | Reached XP level 15. HP: 91/91 MP: 24/24
 18775 | D:10     | Found a glowing silver altar of Zin.
 19097 | D:10     | Reached skill level 1 in Evocations
 19433 | D:11     | Found a staircase to the Orcish Mines.
 19939 | D:12     | Reached skill level 5 in Evocations
 20086 | D:12     | Found a frozen archway.
 20094 | IceCv    | Entered an ice cave
 20544 | IceCv    | Identified the maw talisman "Milaun" {Stlth+}
 20668 | D:12     | Noticed Azrael
 20673 | D:12     | Killed Azrael
 20750 | D:12     | Noticed Kirke
 20754 | D:12     | Killed Kirke
 21244 | D:12     | Paralysed by a vampire knight for 4 turns
 21247 | D:12     | Slain by a vampire knight

Illustrated notes

Levels and vault maps discovered:
D:1:      evilmike_arrival_crescent, layout_basic, dk_noncrumbling_4
D:2:      layout_loops_ring
D:3:      corexii_shack_village, layout_basic, serial_shops,
          nicolae_shop_getting_attention, minmay_box_of_dots
D:4:      layout_loops_cross, serial_shops, shop, gup_sewer_entry_pipe
D:5:      gammafunk_wand_slinger, layout_loops_corners,
          nicolae_uskayaw_murder_on_the_dancefloor, serial_shops, shop,
          biasface_ghost_orc_armoury, nicolae_take_the_stairs
D:6:      layout_loops_ring, serial_shops, nicolae_shop_waterfront,
          nicolae_shop_industrial_runoff, shop, nicolae_shop_getting_attention,
          shop, uniq_grinder
D:7:      layout_basic, mainiacjoe_overflow_small_starburst,
          nzn_overflow_gifts_of_might_and_magic,
          minmay_temple_entry_purple_smoke, ebering_ghost_inner_flame,
          kennysheep_flooded_box, uniq_duvessa
D:8:      layout_basic, mainiacjoe_overflow_paths, uniq_prince_ribbit1,
          uniq_jeremiah
D:9:      layout_long_grid, mainiacjoe_overflow_alcove_1,
          minmay_misc_feat_rugged, minmay_misc_feat_alley, uniq_joseph
D:10:     layout_long_grid, zin_scriptorium,
          mainiacjoe_overflow_six_doors_small,
          mainiacjoe_overflow_concentric_impassable,
          grunt_lair_entry_orc_guard_hut, serial_glass, glass_columns_a,
          glass_columns_c, glass_columns_a, glass_columns_b,
          kennysheep_cluttered_room, st_stairs_6, minivault_12
D:11:     layout_gridville, orc_0_dummy, minmay_misc_feat_rows,
          nicolae_where_there's_smoke
D:12:     layout_long_grid, portal_ice_cave_rime, nicolae_doodle_vault,
          uniq_azrael, uniq_kirke, uniq_frances
Lair:1:   layout_long_grid, uniq_nergalle
Lair:2:   layout_regular_city, elwin_shoals_entry_rocks,
          nicolae_snake_entry_warm_welcome
Lair:3:   layout_small_grid, special_room [special_room_bee]
Lair:4:   layout_roguey
Lair:5:   due_jungle_book, layout_cave_pods, nicolae_slime_entry_field_trip

Skill      XL: |  1  2  3  4  5  6  7  8  9 10 11 12 13 14 15 |
---------------+----------------------------------------------+-----
Short Blades   | 3 4 6 10 12 14 | 14.0
Stealth        | 7 13 | 13.0
Hexes          | 1 3 4 |  4.8
Spellcasting   | 2 3 |  3.0
Dodging        | 7 9 10 11 12 | 12.0
Fighting       | 6 7 8 9 |  9.5
Shapeshifting  | 8 10 | 10.0
Shields        | 3 4 |  4.0
Armour         | 1 |  1.8
Invocations    | 3 12 | 12.5
Evocations     | 9 |  9.9

Action                     |  1- 3 |  4- 6 |  7- 9 | 10-12 | 13-15 || total
---------------------------+-------+-------+-------+-------+-------++-------
  Melee: Short sword       |     4 |   188 |   197 |       |       ||   389
         Punch             |       |     3 |     5 |     4 |       ||    12
         Quick blade       |       |       |   191 |   380 |   709 ||  1280
         Maw               |       |       |       |    14 |   350 ||   364
  Throw: Dart              |       |       |     4 |       |       ||     4
   Cast: Confusing Touch   |       |     3 |     6 |       |       ||     9
         Tukima's Dance    |       |       |     2 |     3 |       ||     5
         Mephitic Cloud    |       |       |       |     1 |       ||     1
  Evoke: Wand              |     1 |       |       |     1 |       ||     2
    Use: Scroll            |     2 |       |    11 |     8 |     4 ||    25
         Potion            |       |       |     1 |       |       ||     1
   Stab: Sleeping          |     3 |    14 |    32 |    59 |    74 ||   182
         Confused          |       |     3 |     5 |     1 |       ||     9
         Paralysed         |       |       |     5 |    16 |    31 ||    52
         Distracted        |       |       |     4 |     2 |    10 ||    16
 Armour: Leather armour    |     7 |    82 |    96 |       |       ||   185
         Steam dragon scal |       |       |     7 |    27 |       ||    34
         Skin              |       |       |       |     5 |    77 ||    82
  Dodge: Dodged            |     5 |   131 |   179 |   113 |   288 ||   716
  Block: Other             |       |       |       |    10 |     7 ||    17
         Buckler           |       |       |       |       |   151 ||   151
         Reflection        |       |       |       |       |     2 ||     2
   Form: Maw               |       |       |       |     1 |     2 ||     3
                           |       |       |       |       |     1 ||     1
